 Dungeon Crawl Stone Soup version 0.20.1-1-g8b1a95d (webtiles) character file.

913 vineage the Spear-Bearer (level 7, -4/78 HPs)
             Began as a Demonspawn Berserker on Oct 19, 2017.
             Was a Priest of Trog.
             Shot with a bolt by an orc warrior (20 damage)
             ... in a bailey.
             The game lasted 00:06:59 (3724 turns).

vineage the Spear-Bearer (Demonspawn Berserker)     Turns: 3724, Time: 00:06:59

Health: -4/78      AC:  8    Str: 25    XL:     7   Next: 82%
Magic:  7/7        EV: 10    Int:  8    God:    Trog [***...]
Gold:   353        SH:  5    Dex: 14    Spells: 6/6 levels left

rFire    . . .     SeeInvis .   a - +0 spear
rCold    . . .     Gourm    .   p - +1 buckler
rNeg     . . .     Faith    .   m - +0 chain mail
rPois    .         Spirit   .   (helmet restricted)
rElec    .         Reflect  .   (no cloak)
rCorr    .         Harm     .   (no gloves)
MR       ++...                  (no boots)
Stlth    ..........             x - amulet of regeneration
Regen    1.7/turn               s - ring of loudness (curse)
MPRegen  0.1/turn               (no ring)

@: berserking, regenerating, very quick
A: claws 1, horns 1, repulsion field 1, agile 1, sense surroundings 1, powered
by death 1, rot immunity
a: Berserk, Trog's Hand, Burn Spellbooks, Renounce Religion


You were in a bailey.
You worshipped Trog.
Trog was most pleased with you.
You were very hungry.

You visited 1 branch of the dungeon, and saw 7 of its levels.
You also visited: Sewer and Bailey.

You collected 353 gold pieces.

Inventory:

Hand Weapons
 a - a +0 spear (weapon)
Armour
 b - a +0 animal skin
 m - a +0 chain mail (worn)
 p - a +1 buckler (worn)
Jewellery
 s - a cursed ring of loudness (left claw)
 x - an amulet of regeneration (around neck)
 y - an uncursed ring of wizardry {unknown}
Wands
 e - a wand of acid (11/15)
Scrolls
 d - 4 scrolls of identify
 g - 2 scrolls of recharging
 j - 7 scrolls of teleportation
 n - a scroll of remove curse
 r - a scroll of enchant armour
 z - a scroll of blinking
Potions
 f - a potion of mutation
 h - a potion of heal wounds
 i - a potion of invisibility {unknown}
 k - a potion of resistance
 o - 2 potions of brilliance {unknown}
 q - a potion of curing {unknown}
 t - 2 potions of agility {unknown}
 v - a potion of haste {unknown}
 w - 6 potions of flight {unknown}
Comestibles
 c - 4 bread rations
 l - 3 royal jellies
 u - 4 fruits
 A - a chunk of flesh


   Skills:
 - Level 3.0 Fighting
 + Level 8.6 Polearms
 - Level 1.7 Armour
 - Level 1.7 Dodging
 + Level 1.0 Shields


You had 6 spell levels left.
You didn't know any spells.

Dungeon Overview and Level Annotations

Branches:
Dungeon (7/15)
 Temple: D:4-7

Altars:
Gozag
Kikubaaqudgha
Makhleb
Okawaru
Zin


Innate Abilities, Weirdness & Mutations

You have sharp fingernails.
You are surrounded by a mild repulsion field. (EV +2)
You regenerate a little health from kills.
You are immune to rotting.
You have a pair of small horns on your head.
You are agile. (Dex +2)
You passively map a small area around you.


Message History

You see here a bolt.
The orc warrior shoots a bolt.
The bolt hits you!!
* * * LOW HITPOINT WARNING * * *
You see here a bolt.
The orc warrior shoots a bolt.
The bolt hits you.
* * * LOW HITPOINT WARNING * * *
Items here: ( ) [ † an uncursed arbalest; 12 bolts; a scale mail; an orc corpse You feel much better.
The orc warrior shoots a bolt.
The bolt hits you!
Your skin crawls.
You feel resistant to hostile enchantments.
You are feeling hungry.
The orc warrior shoots a bolt.
The bolt hits you!
* * * LOW HITPOINT WARNING * * *
A red film seems to cover your vision as you go berserk!
You feel yourself moving faster!
You feel mighty!
You are feeling very hungry.
You feel a strong urge to attack something.
The orc warrior shoots a bolt.
The bolt hits you!!
You die...

, ..≈≈≈≈≈..(....#
.........(....#
...........o..# * ,
#..........((.# ,
#..........(.(# +
*#..........(..#
#.......(..(..# +
#......)(..)..# *
,##..........@..#
#...........(..# ,
##..............#
,,##............(..#
###....≈≈≈≈≈)......#
......≈≈#.#≈≈(.....#
......≈##.##≈.(((..#
......≈..^.)≈(.....#
......≈##.##≈......#


You could see an orc warrior.

Vanquished Creatures
  Purgy (Sewer)
  A sky beast (D:5)
  2 scorpions
  A bullfrog zombie (D:5)
  An orc wizard (D:5)
  A centaur skeleton (D:5)
  4 hounds
  2 orc priests
  2 bullfrog skeletons (D:5)
  3 worker ants
  A hound zombie (D:4)
  11 adders
  3 oozes
  2 adder skeletons
  2 worms
  2 dart slugs
  4 leopard geckos
  13 orcs
  3 giant cockroaches
  7 goblins
  8 hobgoblins
  2 jackals (D:2)
  A quokka (D:4)
  4 ball pythons
  5 bats
  11 frilled lizards
  6 kobolds
  6 rats
109 creatures vanquished.

Notes
Turn   | Place    | Note
-------+----------+-------------------------------------------
     0 | D:1      | vineage the Demonspawn Berserker began the quest for the Orb.
     0 | D:1      | Reached XP level 1. HP: 18/18 MP: 1/1
   143 | D:1      | Reached skill level 3 in Polearms
   211 | D:1      | Gained mutation: You regenerate a little health from kills. [demonic ancestry]
   211 | D:1      | Reached XP level 2. HP: 16/24 MP: 2/2
   639 | D:2      | Gained mutation: You have sharp fingernails. [demonic ancestry]
   639 | D:2      | Reached XP level 3. HP: 29/29 MP: 3/3
   643 | D:2      | Reached ** piety under Trog
   659 | D:2      | Found an opulent altar of Gozag.
   803 | D:2      | Gained mutation: You are agile. (Dex +2) [potion of mutation]
   803 | D:2      | Gained mutation: You passively map a small area around you. [potion of mutation]
   803 | D:2      | Gained mutation: You have a pair of small horns on your head. [potion of mutation]
   888 | D:2      | Reached skill level 4 in Polearms
   937 | D:2      | Found a faded altar of an unknown god.
  1119 | D:3      | Gained mutation: You are surrounded by a mild repulsion field. (EV +2) [demonic ancestry]
  1119 | D:3      | Reached XP level 4. HP: 20/35 MP: 4/4
  1582 | D:3      | Reached skill level 5 in Polearms
  1712 | D:4      | Reached XP level 5. HP: 30/41 MP: 5/5
  1890 | D:4      | Reached skill level 6 in Polearms
  1928 | D:4      | Found a glowing drain.
  1970 | Sewer    | Entered a sewer
  2022 | Sewer    | Noticed Purgy
  2037 | Sewer    | Killed Purgy
  2037 | Sewer    | Gained mutation: You are immune to rotting. [demonic ancestry]
  2037 | Sewer    | Reached XP level 6. HP: 27/47 MP: 6/6
  2076 | Sewer    | Reached *** piety under Trog
  2267 | D:4      | Found an iron altar of Okawaru.
  2301 | D:4      | Found an ancient bone altar of Kikubaaqudgha.
  2405 | D:5      | Entered Level 5 of the Dungeon
  2421 | D:5      | Reached skill level 7 in Polearms
  2583 | D:5      | Reached XP level 7. HP: 48/52 MP: 7/7
  2781 | D:5      | Reached skill level 8 in Polearms
  2993 | D:5      | Found a burning altar of Makhleb.
  3011 | D:5      | Reached skill level 1 in Shields
  3445 | D:6      | Found a glowing silver altar of Zin.
  3495 | D:7      | Found a flagged portal.
  3508 | Bailey   | Entered a bailey
  3724 | Bailey   | Shot with a bolt by an orc warrior

Skill      XL: |  1  2  3  4  5  6  7 |
---------------+----------------------+-----
Polearms       | 3 4 5 6 7 8 |  8.6
Shields        | 1 |  1.0
Fighting       | |  3.0
Armour         | |  1.7
Dodging        | |  1.7

Action                   |  1- 3 |  4- 6 |  7- 9 || total
-------------------------+-------+-------+-------++-------
Melee: Spear             |   147 |   291 |   161 ||   599
       Headbutt          |     6 |    52 |    26 ||    84
Invok: Trog's Hand       |       |       |     2 ||     2
       Berserk           |       |       |     1 ||     1
  Use: Scroll            |     5 |     6 |       ||    11
       Potion            |     1 |       |     2 ||     3
  Eat: Chunk             |       |     3 |     5 ||     8
       Royal jelly       |       |     1 |       ||     1
Armor: Animal skin       |    10 |       |       ||    10
       Chain mail        |    11 |   105 |    48 ||   164
Dodge: Dodged            |    42 |    87 |    47 ||   176
Block: Buckler           |       |    26 |    23 ||    49
